AoeStats
← 46134864

Nomad

507986457Analyzed
4v4 RM · 13d ago on Sep 20, 2026· 36m 8s· 8 players
Game mode
Random Map
Map size
231×231
Population
200
Speed
Normal
Resources
Standard
Victory
Conquest
Starting age
Dark Age
Ending age
Imperial Age
RankedLock teamsTeams togetherTeam positionsShared explorationLock speedFull tech treeHidden civsTurbo modeCheats
Victory
Defeat
1223
+13
🇨🇳 Poles · China
1197
+14
1191
+14
🇦🇷 Japanese · Argentina
1132
+18
🇨🇳 Chinese · China
1192
-16
🇨🇳 Burgundians · China
1178
-16
🇨🇳 Spanish · China
1153
-15
1090
-12
高大爷
6:23 Loom
14:45 Feudal Age
13:40 Double-Bit Axe
20:33 Castle Age
18:32 Gold Mining
18:55 Bow Saw
19:02 Forging
20:20 Horse Collar
20:35 Cavalier
24:09 Wheelbarrow
23:58 Husbandry
24:16 Scale Barding Armor
31:09 Iron Casting
31:42 Heavy Plow
35:00 Chain Barding Armor
46134864
4:37 Loom
14:00 Feudal Age
16:22 Double-Bit Axe
17:23 Town Watch
19:55 Castle Age
18:31 Scale Barding Armor
28:08 Husbandry
唐尚书右丞王维
3:44 Loom
14:25 Feudal Age
20:41 Castle Age
19:38 Gold Mining
20:22 Double-Bit Axe
21:20 Scale Mail Armor
21:54 Forging
25:46 Wheelbarrow
33:56 Squires
大清第一巴图鲁
3:04 Loom
13:43 Feudal Age
18:28 Castle Age
20:25 Crossbowman
24:58 Double-Bit Axe
26:36 Fletching
29:25 Bodkin Arrow
30:08 Bow Saw
30:01 Gold Mining
31:37 Padded Archer Armor
Joselias
15:04 Feudal Age
13:20 Loom
16:22 Double-Bit Axe
16:22 Fishing Lines
20:12 Castle Age
18:42 Stone Mining
20:19 Wheelbarrow
21:21 Bow Saw
21:23 Gillnets
21:49 Town Watch
22:55 Hand Cart
25:42 Scale Mail Armor
25:53 Forging
27:30 Squires
31:12 Chain Mail Armor
31:32 Iron Casting
36:43 Iron Casting
DAO HAO DOG HAVE DEAD FAMILY
4:30 Loom
15:35 Feudal Age
16:11 Man-at-Arms
18:49 Fletching
19:00 Padded Archer Armor
24:15 Castle Age
26:30 Thumb Ring
25:48 Crossbowman
26:31 Bodkin Arrow
30:06 Leather Archer Armor
30:38 Thumb Ring
33:11 Horse Collar
33:19 Double-Bit Axe
35:12 Ballistics
36:17 Fortified Wall
种田玩家打队友别打我
6:37 Loom
13:51 Feudal Age
19:38 Castle Age
18:15 Double-Bit Axe
20:51 Bow Saw
23:59 Wheelbarrow
24:40 Town Watch
27:39 Gold Mining
28:48 Forging
28:38 Scale Mail Armor
31:38 Chain Mail Armor
34:04 Squires
36:04 Iron Casting
36:27 Stone Mining
taileibuxiang108
7:12 Loom
14:21 Feudal Age
14:40 Man-at-Arms
24:10 Castle Age
22:29 Double-Bit Axe
22:38 Gold Mining
22:29 Horse Collar
24:15 Pikeman
25:53 Bloodlines
26:39 Wheelbarrow
27:25 Heavy Plow
27:37 Bow Saw
28:29 Szlachta Privileges
Connection lost

Rejoining the realm…

Still unreachable

The connection could not be restored.

Session expired

The server has moved on; the page needs a fresh start.